AoeStats
← Noxxz

Arena

505137189Analyzed
4v4 RM · 25d ago on Sep 8, 2026· 52m 5s· 8 players
Game mode
Random Map
Map size
Large (8 player)
Population
200
Speed
Normal
Resources
Standard
Victory
Conquest
Starting age
Dark Age
Ending age
Imperial Age
RankedLock teamsTeams togetherTeam positionsShared explorationLock speedFull tech treeHidden civsTurbo modeCheats
Victory
Defeat
🇲🇽 Franks · Mexico
1179
+14
1143
+16
🇪🇨 Malay · Ecuador
1140
+16
🇨🇱 Bengalis · Chile
1137
+16
🇵🇪 Mongols · Peru
1257
-20
🇨🇱 Khmer · Chile
1194
-18
🇨🇱 Ethiopians · Chile
1089
-13
🇨🇱 Magyars · Chile
1027
-11
Ω SangreSpirit Ω
11:30 Feudal Age
12:36 Double-Bit Axe
13:10 Horse Collar
15:31 Castle Age
16:59 Bow Saw
20:31 Bloodlines
20:21 Husbandry
21:07 Scale Barding Armor
24:21 Wheelbarrow
25:01 Chain Barding Armor
24:44 Loom
24:47 Town Watch
25:44 Forging
25:33 Gold Mining
27:25 Iron Casting
27:10 Stone Mining
27:52 Hand Cart
35:04 Imperial Age
33:19 Hill Forts
33:24 Padded Archer Armor
33:14 Fletching
34:20 Leather Archer Armor
34:27 Ballistics
34:17 Masonry
33:55 Elite Skirmisher
34:41 Thumb Ring
35:37 Stone Shaft Mining
36:15 Tower Shields
36:36 Conscription
37:22 Chemistry
36:24 Bodkin Arrow
37:00 Ring Archer Armor
36:28 Capped Ram
37:42 Bracer
39:01 Architecture
39:13 Plate Barding Armor
40:13 Hoardings
39:59 Cavalier
44:47 Paladin
46:52 Light Cavalry
48:48 Murder Holes
48:34 Treadmill Crane
49:20 Bombard Tower
48:35 Pikeman
49:16 Squires
49:52 Winged Hussar
51:45 Halberdier
Al3tas0
11:16 Feudal Age
15:50 Castle Age
15:06 Loom
15:57 Wheelbarrow
15:09 Double-Bit Axe
15:18 Horse Collar
16:24 Wheelbarrow
16:23 Heavy Plow
16:43 Bow Saw
22:32 Hand Cart
23:54 Gold Mining
24:18 Forging
27:15 Gold Shaft Mining
27:17 Iron Casting
27:12 Stone Mining
27:30 Scale Barding Armor
27:38 Husbandry
31:20 Stone Shaft Mining
33:32 Imperial Age
32:34 Elite Battle Elephant
33:37 Conscription
34:19 Blast Furnace
32:45 Elite Skirmisher
33:18 Fletching
34:50 Crop Rotation
34:39 Thumb Ring
36:02 Chemistry
38:04 Bodkin Arrow
38:31 Ballistics
39:42 Bracer
39:43 Padded Archer Armor
41:59 Leather Archer Armor
43:11 Ring Archer Armor
51:29 Bombard Tower
51:06 Murder Holes
51:18 Capped Ram
Noxxz
7:46 Loom
9:58 Feudal Age
11:45 Double-Bit Axe
14:10 Castle Age
22:37 Bow Saw
23:04 Wheelbarrow
23:38 Padded Archer Armor
24:56 Fletching
25:22 Leather Archer Armor
26:41 Scale Barding Armor
27:29 Forging
27:57 Bodkin Arrow
28:11 Gold Mining
29:40 Iron Casting
31:06 Hand Cart
31:48 Chain Barding Armor
31:58 Elite Skirmisher
35:54 Imperial Age
33:56 Husbandry
35:56 Ballistics
36:24 Cavalier
37:46 Conscription
39:15 Plate Barding Armor
40:56 Blast Furnace
40:58 Chemistry
40:23 Caravan
41:53 Chivalry
41:17 Paladin
50:42 Scale Mail Armor
Malardo
10:28 Feudal Age
9:58 Loom
15:25 Castle Age
15:07 Double-Bit Axe
15:44 Loom
17:18 Fervor
19:35 Redemption
19:25 Atonement
20:10 Wheelbarrow
20:37 Atonement
33:16 Sanctity
34:48 Devotion
35:47 Hand Cart
36:42 Town Watch
40:49 Imperial Age
38:43 Bloodlines
38:39 Husbandry
39:36 Scale Barding Armor
40:58 Horse Collar
42:31 Chemistry
42:46 Fletching
42:57 Padded Archer Armor
43:21 Ballistics
45:34 Leather Archer Armor
47:17 Bodkin Arrow
47:54 Ring Archer Armor
46:49 Elite Skirmisher
48:43 Heavy Plow
49:00 Bow Saw
49:43 Block Printing
49:47 Bracer
50:19 Caravan
51:39 Paiks
51:00 Elite Elephant Archer
52:33 Illumination
jpezpuma
6:33 Loom
10:07 Feudal Age
10:57 Double-Bit Axe
16:28 Castle Age
23:00 Bloodlines
22:55 Husbandry
25:05 Fletching
26:25 Murder Holes
26:57 Bodkin Arrow
27:32 Ballistics
32:05 Scale Barding Armor
39:22 Chain Barding Armor
DITO_san
10:30 Feudal Age
11:49 Fletching
12:06 Double-Bit Axe
14:23 Castle Age
12:21 Horse Collar
15:49 Bow Saw
15:49 Heavy Plow
16:05 Town Watch
19:58 Loom
21:00 Wheelbarrow
28:25 Imperial Age
26:41 Fletching
27:37 Hand Cart
27:57 Ballistics
27:50 Fervor
27:39 Bodkin Arrow
27:52 Gold Mining
27:57 Stone Mining
28:54 Padded Archer Armor
30:15 Chemistry
30:31 Bracer
31:57 Leather Archer Armor
32:32 Conscription
34:36 Elite Mangudai
35:30 Bloodlines
35:21 Husbandry
35:07 Onager
36:42 Stone Shaft Mining
37:18 Parthian Tactics
37:59 Drill
37:41 Nomads
38:49 Siege Onager
41:08 Hoardings
44:15 Masonry
44:10 Siege Engineers
50:07 Pikeman
51:36 Scale Mail Armor
51:47 Forging
Njamv
10:17 Feudal Age
15:48 Castle Age
13:50 Double-Bit Axe
15:17 Gold Mining
16:36 Padded Archer Armor
16:57 Fletching
17:43 Crossbowman
19:37 Bodkin Arrow
22:10 Thumb Ring
23:18 Leather Archer Armor
26:30 Wheelbarrow
26:50 Ballistics
33:26 Bow Saw
33:19 Town Watch
37:21 Imperial Age
37:28 Arbalester
39:11 Chemistry
40:26 Ring Archer Armor
41:30 Bracer
49:23 Light Cavalry
50:21 Hussar
Chanchoman21
8:41 Loom
10:27 Feudal Age
14:02 Castle Age
12:37 Double-Bit Axe
15:59 Bow Saw
24:34 Wheelbarrow
25:06 Gold Mining
24:58 Horse Collar
26:55 Loom
32:10 Imperial Age
30:29 Scale Mail Armor
30:25 Pikeman
31:57 Forging
33:09 Chain Mail Armor
34:08 Iron Casting
34:11 Fletching
36:33 Halberdier
37:34 Bodkin Arrow
39:32 Bloodlines
42:16 Blast Furnace
41:26 Husbandry
42:37 Conscription
41:40 Light Cavalry
42:34 Arson
42:47 Hussar
46:52 Scale Barding Armor
52:04 Chain Barding Armor
Connection lost

Rejoining the realm…

Still unreachable

The connection could not be restored.

Session expired

The server has moved on; the page needs a fresh start.